 Dungeon Crawl Stone Soup version 0.27-a0-448-gace5c5693b (webtiles) character file.

Game seed: 15949845208273640633

26 sanka the Insei (level 2, -1/20 HPs)
             Began as a Vampire Transmuter on Feb 27, 2021.
             Slain by a gnoll
             ... wielding a +0 flail
              (7 damage)
             ... on level 1 of the Dungeon.
             The game lasted 00:01:28 (587 turns).

sanka the Insei (Vampire Transmuter)                 Turns: 587, Time: 00:01:29

Health: -1/20      AC:  2    Str:  9    XL:     2   Next: 89%
Magic:  4/5        EV: 12    Int: 15    God:
Gold:   14         SH:  0    Dex: 14    Spells: 4/5 levels left

rFire    . . .     SeeInvis +     - Unarmed
rCold    . . .     Faith    .   (no shield)
rNeg     . . .     Spirit   .   a - +0 robe
rPois    .         Reflect  .   (helmet currently unavailable)
rElec    .         Harm     .   (no cloak)
rCorr    .         Rampage  .   (no gloves)
Will     .....                  (boots currently unavailable)
Stlth    +.........             (no amulet)
HPRegen  0.26/turn              (no ring)
MPRegen  0.09/turn              (no ring)

@: appendages, regenerating quickly
A: fangs 3, horns 2, talons 2, see invisible, unbreathing
a: Exsanguinate, End Transformation


You were on level 1 of the Dungeon.
You had grown temporary horns.
You had grown temporary talons.
You visited 1 branch of the dungeon, and saw 1 of its levels.

You collected 14 gold pieces.


Innate Abilities, Weirdness & Mutations

Your natural rate of healing is unusually fast.
You have razor-sharp teeth.
You have supernaturally acute eyesight. (SInv)
You can survive without breathing.
You have a pair of horns on your head.
You have razor-sharp toenails.


   Skills:
 - Level 0.8 Fighting
 - Level 2.1 Dodging
 - Level 4.0 Unarmed Combat
 - Level 2.0 Spellcasting
 + Level 3.1 Transmutations


You had 4 spell levels left.
You knew the following spells:

 Your Spells              Type           Power        Failure   Level
z - Beastly Appendage     Tmut           20%          6%          1

Your spell library contained the following spells:

 Spells                   Type           Power        Failure   Level
 Wereblood                Tmut           10%          10%         2
 Spider Form              Tmut/Pois      3%           34%         3
 Ice Form                 Ice/Tmut       6%           75%         4
 Blade Hands              Tmut           5%           86%         5

Inventory:

Armour
 a - a +0 robe (worn)
Scrolls
 b - a scroll of identify {unknown}

Dungeon Overview and Level Annotations

Branches:
Dungeon (1/15)

Altars:
The Shining One

▒..........▒ ▒▒. ▒..........▒
▒▒.. ▒....).....▒ ▒▒▒...
▒▒^.........▒ ▒▒▒.....
▒▒▒...........▒ ▒......▒
..............▒ ▒▒▒▒▒▒▒▒▒....▒▒▒
▒▒▒▒........>.▒ ▒▒.........▒▒...▒
▒▒▒▒..........▒▒▒..▒▒▒▒▒▒.....▒..
...............gV.▒▒ ▒▒▒▒▒.▒▒.
▒▒▒▒▒▒▒▒.▒▒▒▒▒▒▒▒▒▒ ▒..▒▒ ▒)▒
▒▒..▒ ▒.▒ ▒▒.. ▒.▒ ▒▒. ▒▒.▒ ▒.
▒▒▒▒▒▒▒..▒▒▒▒▒▒▒▒ ▒.
................. ▒.
...▒▒▒▒.▒▒▒▒▒▒▒▒▒ ▒.


You could see a gnoll.


Message History

You closely miss the goblin. The goblin barely misses you.
You closely miss the goblin. You claw the goblin. You headbutt the goblin.
The goblin is severely wounded.
The goblin closely misses you.
You hit the goblin. You claw the goblin.
You kill the goblin!
You hit the gnoll.
The gnoll is moderately wounded.
The gnoll hits you with a +0 flail!
Ouch! That really hurt!
* * * LOW HITPOINT WARNING * * *
You hit the gnoll. Your kick misses the gnoll. You headbutt the gnoll.
The gnoll is heavily wounded.
The gnoll hits you with a +0 flail.
* * * LOW HITPOINT WARNING * * *
You hit the gnoll. You claw the gnoll. Your bite misses the gnoll.
The gnoll is almost dead.
You closely miss the gnoll. Your kick misses the gnoll.
The gnoll is almost dead.
The gnoll hits you with a +0 flail!
You die...

Action                   || total
-------------------------++-------
Melee: Unarmed           ||    58
       Kick              ||    17
       Bite              ||     6
       Headbutt          ||     4
       Punch             ||     1
 Cast: Beastly Appendage ||    12
Armor: Robe              ||     6
Dodge: Dodged            ||    30

Levels and vault maps discovered:
D:1:      dpeg_arrival_erosion, layout_rooms, tso_metal_star

Notes
Turn   | Place    | Note
-------+----------+-------------------------------------------
     0 | D:1      | sanka the Vampire Transmuter began the quest for the Orb.
     0 | D:1      | Reached XP level 1. HP: 14/14 MP: 3/3
    77 | D:1      | Reached XP level 2. HP: 16/20 MP: 3/5
    80 | D:1      | Reached skill level 4 in Unarmed Combat
   382 | D:1      | Reached skill level 3 in Transmutations
   415 | D:1      | Found a glowing golden altar of the Shining One.
   587 | D:1      | Slain by a gnoll

Vanquished Creatures
  An ooze (D:1)
  A dart slug (D:1)
  3 bats (D:1)
  A giant cockroach (D:1)
  3 hobgoblins (D:1)
  A ball python (D:1)
  2 goblins (D:1)
  4 kobolds (D:1)
  3 rats (D:1)
19 creatures vanquished.
